 Dungeon Crawl Stone Soup version 0.20-a0-551-gc8f91ca (webtiles) character file.

42 M4edhros the Ducker (level 3, 0/17 HPs)
             Began as a Felid Chaos Knight on Feb 3, 2017.
             Slain by a quokka (4 damage)
             ... on level 1 of the Dungeon.
             The game lasted 00:03:19 (5395 turns).

M4edhros the Ducker (Felid Chaos Knight)            Turns: 5395, Time: 00:03:19

Health: 0/17       AC:  1    Str:  4 (6)  XL:     3   Next: 35%
Magic:  4/4        EV: 18    Int: 11 (13) God:    Xom [......]
Gold:   54         SH:  0    Dex: 14      Spells: 2/2 levels left
                                        Lives:  0   Deaths: 0

rFire    . . .     SeeInvis +     - Unarmed
rCold    . . .     Gourm    .   (armour unavailable)
rNeg     + . .     Faith    .   (shield unavailable)
rPois    .         Spirit   .   (helmet unavailable)
rElec    .         Reflect  .   (cloak unavailable)
rCorr    .         Harm     .   (gloves unavailable)
MR       .....                  (boots unavailable)
Stlth    ++........             (no amulet)
Regen    0.1/turn               (no ring)
                                b - ring of positive energy

@: drained, quick
A: no armour, no weapons or thrown items, stealth, claws 1, fangs 3, horns 1,
see invisible, carnivore 3, clumsy 1, deterioration 1, speed 1, screaming 1,
shaggy fur 1, slow metabolism 1, weak 1, sharp paws
a: Renounce Religion


You were on level 1 of the Dungeon.
You worshipped Xom.
You were a very special plaything of Xom.
You were very full.

You visited 1 branch of the dungeon, and saw 1 of its levels.

You collected 54 gold pieces.

Inventory:

Jewellery
 b - a ring of positive energy (left paw)
Scrolls
 c - a scroll of teleportation {unknown}
 d - a scroll of recharging {unknown}
 f - a scroll of identify {unknown}
Comestibles
 a - a meat ration


   Skills:
 + Level 3.4(3.0) Fighting
 + Level 3.5(3.1) Dodging
 * Level 2.3(1.9) Stealth
 * Level 3.4(3.0) Unarmed Combat


You had 2 spell levels left.
You didn't know any spells.

Dungeon Overview and Level Annotations

Branches:
Dungeon (1/15)

Altars:


Innate Abilities, Weirdness & Mutations

You cannot wear armour.
You are incapable of wielding weapons or throwing items.
Your paws allow you to move quietly. (Stealth)
You have sharp claws.
You have razor-sharp teeth.
You have supernaturally acute eyesight. (SInv)
You are carnivorous and can eat meat at any time.
You cover ground quickly.
You are covered in fur. (AC +1)
You have a slow metabolism.
Your sharp claws are effective at attacking unaware monsters.
You have a pair of small horns on your head.
You are clumsy. (Dex -2)
Your body sometimes deteriorates upon taking damage.
You occasionally shout uncontrollably at your foes.
You are weak. (Str -2)


Message History

* * * LOW HITPOINT WARNING * * *
You scratch the quokka.
The quokka is lightly wounded.
The quokka completely misses you.
You closely miss the quokka.
The quokka is lightly wounded.
The quokka closely misses you.
You scratch the quokka but do no damage.
You bite the quokka.
The quokka is moderately wounded.
The quokka closely misses you.
You scratch the quokka.
The quokka is heavily wounded.
The quokka barely misses you.
You scratch the quokka.
You headbutt the quokka, but do no damage.
The quokka is heavily wounded.
The quokka bites you.
You die... "It was about time."

..###.#.#.#........#
...).(....'........#
..###'#...#........####
..........'........+..#
........###........##[#
........'h...########.#
........####.#......#.#
........####'#.####.#.#
........P.....(#@.#.#.#
......P.≈.P....#r.#.#.#
.....≈≈≈≈≈≈....#).#.#.#
####♣≈≈≈(.≈P...#..#.#.#
.....)≈≈≈≈K.).....#.#.#
.....≈♣≈≈.≈.)....##...#
....P≈≈≈≈≈.....(.######
......≈≈≈≈≈....(.#
....#≈.≈≈g≈..r..##


You could see a quokka.

Vanquished Creatures
  2 dart slugs (D:1)
  5 bats (D:1)
  3 giant cockroaches (D:1)
  3 goblins (D:1)
  5 hobgoblins (D:1)
  3 jackals (D:1)
  A quokka (D:1)
  3 frilled lizards (D:1)
  7 kobolds (D:1)
  4 rats (D:1)
36 creatures vanquished.

Notes
Turn   | Place    | Note
-------+----------+-------------------------------------------
     0 | D:1      | M4edhros the Felid Chaos Knight began the quest for the Orb.
     0 | D:1      | Reached XP level 1. HP: 10/10 MP: 2/2
   155 | D:1      | Reached XP level 2. HP: 11/14 MP: 3/3
   340 | D:1      | XOM is BORED!
   340 | D:1      | XOM: harmless Tloc miscast
   374 | D:1      | Reached skill level 1 in Stealth
   772 | D:1      | XOM is BORED!
   772 | D:1      | XOM: silly message
  1117 | D:1      | XOM: harmless Chrm miscast
  1473 | D:1      | XOM: draining
  1881 | D:1      | XOM is BORED!
  1881 | D:1      | XOM: mild Summ miscast
  1977 | D:1      | XOM: harmless Conj miscast
  3032 | D:1      | XOM: cloud trail
  3056 | D:1      | XOM: enchant monster (good)
  3291 | D:1      | XOM: polymorph kobold -> bat
  3301 | D:1      | XOM: enchant monster (good)
  3322 | D:1      | Reached XP level 3. HP: 16/17 MP: 4/4
  3611 | D:1      | XOM: god gift: 22 gold pieces
  3671 | D:1      | XOM: noise
  3672 | D:1      | XOM: cloud trail
  4196 | D:1      | XOM: silly message
  4511 | D:1      | XOM: give mutations
  4511 | D:1      | Gained mutation: You are weak. (Str -2) [Xom's mischief]
  4511 | D:1      | Gained mutation: You are very weak. (Str -4) [Xom's mischief]
  4511 | D:1      | Gained mutation: Your body sometimes deteriorates upon taking damage. [Xom's mischief]
  4912 | D:1      | XOM is BORED!
  4912 | D:1      | XOM: medium Divn miscast
  5087 | D:1      | XOM: give mutation
  5087 | D:1      | Lost mutation: You are very weak. (Str -4) [Xom's mischief]
  5241 | D:1      | XOM: swap monsters
  5243 | D:1      | Gained mutation: You are clumsy. (Dex -2) [potion of mutation]
  5243 | D:1      | Gained mutation: You occasionally shout uncontrollably at your foes. [potion of mutation]
  5244 | D:1      | Gained mutation: You have a pair of small horns on your head. [potion of beneficial mutation]
  5395 | D:1      | Slain by a quokka

Vault maps used:
D:1:      dpeg_arrival_rooms_c, serial_bayou_pond_b, grunt_decor_mini_mirrors,
          st_stairs_1

Skill      XL: |  1  2 |
---------------+-------+-----
Stealth        | 2 |  2.3
Fighting       | |  3.4
Dodging        | |  3.5
Unarmed Combat | |  3.4

Action                   || total
-------------------------++-------
Melee: Unarmed           ||   118
       Bite              ||     6
       Punch             ||     2
       Headbutt          ||     2
  Use: Potion            ||     2
 Stab: Sleeping          ||     1
       Confused          ||     1
  Eat: Chunk             ||    14
Armor: Skin              ||     8
Dodge: Dodged            ||   101
